 Dungeon Crawl Stone Soup version 0.20-a0-1065-g8446734 (webtiles) character file.

7242 Wendigo the Martial Artist (level 10, -7/88 HPs)
             Began as a Black Draconian Transmuter on Apr 28, 2017.
             Was a Believer of Makhleb.
             Mangled by an ice beast (13 damage)
             ... on level 9 of the Dungeon.
             The game lasted 00:29:35 (9617 turns).

Wendigo the Martial Artist (DrTm)                   Turns: 9617, Time: 00:29:41

Health: -7/88      AC: 10    Str: 12    XL:     10   Next: 88%
Magic:  10/13      EV: 12    Int: 21    God:    Makhleb [**....]
Gold:   544        SH:  0    Dex: 15    Spells: 2/13 levels left

rFire    . . .     SeeInvis .     - Unarmed
rCold    . . .     Gourm    .   (shield currently unavailable)
rNeg     . . .     Faith    .   (armour unavailable)
rPois    .         Spirit   .   (helmet restricted)
rElec    +         Reflect  .   (no cloak)
rCorr    .         Harm     .   (gloves currently unavailable)
MR       .....                  w - +2 pair of boots
Stlth    +.........             e - amulet of regeneration
Regen    0.7/turn               J - +4 ring of intelligence
MPRegen  0.2/turn               I - +3 ring of dexterity

@: short of breath, blade hands, slowed, very slow
A: breathe lightning, unfitting armour, electricity resistance, cold-blooded, AC
+7
a: Breathe Lightning, End Transformation, Minor Destruction, Renounce Religion


You were on level 9 of the Dungeon.
You worshipped Makhleb.
Makhleb was pleased with you.
You were not hungry.
You had blades for hands.
You visited 2 branches of the dungeon, and saw 11 of its levels.
You also visited: Ossuary.

You collected 684 gold pieces.
You spent 140 gold pieces at shops.

Inventory:

Missiles
 a - 191 arrows
 r - 7 tomahawks (quivered)
Armour
 w - a +2 pair of boots (worn)
Jewellery
 e - an amulet of regeneration (around neck)
 j - an uncursed ring of magical power
 I - a +3 ring of dexterity (right scythe-like blade)
 J - a +4 ring of intelligence (left scythe-like blade)
Wands
 s - a wand of paralysis (24/24)
 y - a wand of disintegration (15/24)
 E - a wand of flame (13/48)
Scrolls
 f - a scroll of fog
 h - 3 scrolls of teleportation
 m - 2 scrolls of amnesia
 q - 6 scrolls of remove curse
 t - a scroll of fear
 C - 3 scrolls of identify
 F - a scroll of immolation
Potions
 d - a potion of berserk rage
 i - 2 potions of lignification
 k - a potion of flight
 l - 2 potions of haste
 n - 4 potions of heal wounds
 o - 3 potions of ambrosia
 p - a potion of magic
 u - 4 potions of invisibility
 v - 8 potions of curing
 z - 2 potions of might
 A - a potion of resistance
Books
 b - a book of Changes

   Spells                             Type                      Level
   a - Beastly Appendage              Transmutation                1
   b - Sticks to Snakes               Transmutation                2
   c - Spider Form                    Transmutation/Poison         3
   d - Ice Form                       Ice/Transmutation            4
   e - Blade Hands                    Transmutation                5
 G - a book of Frost

   Spells                             Type                      Level
   a - Freeze                         Ice                          1
   b - Throw Frost                    Conjuration/Ice              2
   c - Ozocubu's Armour               Charms/Ice                   3
   d - Throw Icicle                   Conjuration/Ice              4
   e - Summon Ice Beast               Ice/Summoning                4
 H - a book of Minor Magic

   Spells                             Type                      Level
   a - Magic Dart                     Conjuration                  1
   b - Blink                          Translocation                2
   c - Call Imp                       Summoning                    2
   d - Slow                           Hexes                        2
   e - Conjure Flame                  Conjuration/Fire             3
   f - Mephitic Cloud                 Conjuration/Poison/Air       3
Comestibles
 c - 6 bread rations
 g - 3 meat rations
 L - a fruit


   Skills:
 + Level 7.6 Fighting
 - Level 1.7 Dodging
 * Level 11.8 Unarmed Combat
 - Level 2.0 Spellcasting
 + Level 9.9 Transmutations
 - Level 1.0 Poison Magic
 + Level 1.9 Invocations


You had 2 spell levels left.
You knew the following spells:

 Your Spells              Type           Power        Failure   Level  Hunger
a - Beastly Appendage     Tmut           #####.       10%         1    #......
b - Sticks to Snakes      Tmut           #####...     11%         2    ##.....
c - Spider Form           Tmut/Pois      ####......   32%         3    ###....
d - Blade Hands           Tmut           #####.....   38%         5    ######.


Dungeon Overview and Level Annotations

Branches:
Dungeon (10/15)            Temple (1/1) D:7            Lair (0/6) D:9
    Orc: D:9-12

Altars:
Ashenzari
Cheibriados
Dithmenos
Elyvilon
Fedhas
Gozag
Hepliaklqana
Kikubaaqudgha
Makhleb
Nemelex Xobeh
Okawaru
Qazlal
Ru
Sif Muna
Trog
Uskayaw
Vehumet
Wu Jian
Xom
Yredelemnul
Zin
The Shining One

Shops:
D:5 !

Annotations:
D:6 exclusion: downstairs


Innate Abilities, Weirdness & Mutations

You can breathe wild blasts of lightning.
Your glossy black scales are hard. (AC +7)
You cannot fit into any form of body armour.
You are resistant to electric shocks. (rElec)
You are cold-blooded and may be slowed by cold attacks.


Message History

You destroy the hungry ghost!
Makhleb accepts your kill.
You hear a mighty clap of thunder!
The orb of electricity explodes!
The orb of electricity engulfs you! You resist.
You feel somewhat more hungry. The ice beast closely misses you.
You hit the ice beast but do no damage. The ice beast hits you.
The ice beast freezes you!
* * * LOW HITPOINT WARNING * * *
You hit the ice beast but do no damage.
Your tail-slap misses the ice beast.
The ice beast hits you.
* * * LOW HITPOINT WARNING * * *
The ice beast freezes you!
You feel yourself slow down.
* * * LOW HITPOINT WARNING * * *
You hit the ice beast.
The ice beast is lightly wounded.
The ice beast hits you.
* * * LOW HITPOINT WARNING * * *
The ice beast freezes you!
You feel as though you will be slow longer.
You die...

.....#
#.............###.......##
.....#
#####.........#.'.......'.
.....# #.........#.#.......#.
.....# #.....<...#.#.......##
.....#### #.........#.#.......#
.....'..## #.........'.#.......#
.....##..###..<......###.......#
.....###..##.....)...# #.......#
#'#### ##..+....@....# ###'#####
#..# ####...)Y....# #.# ##.#
######'#### #.# #.# #..# #.# #.#
#.## ##.# ##'#### #.# #..#
......# ####.## ###'#######
......# #.....### #.........#
......# #.......# #.........#


You could see an ice beast.

Vanquished Creatures
  Joseph (D:7)
  Psyche (D:9)
  A komodo dragon (D:9)
  A troll (D:9)
  Grinder (D:3)
  3 hippogriffs
  The ghost of Paps the Shield-Bearer, an amateur GrFi (D:4)
  Sigmund (D:6)
  A spriggan (D:8)
  6 yaks
  A human (D:2)
  2 hungry ghosts
  3 ice beasts
  A sky beast (D:6)
  A phantom (D:8)
  3 centaurs
  3 ogres
  2 big kobolds
  5 bullfrogs
  4 scorpions
  7 killer bees
  A howler monkey (D:5)
  A centaur zombie (D:7)
  A hound (D:4)
  A quasit (D:7)
  A bullfrog zombie (D:6)
  2 crimson imps
  A human zombie (Ossuary)
  A jelly (D:8)
  5 orc priests
  15 orc wizards
  A centaur skeleton (D:7)
  Jessica (D:2)
  3 worker ants
  A human skeleton (D:2)
  3 iguanas
  A big kobold zombie (Ossuary)
  A hound skeleton (D:4)
  2 mummies (Ossuary)
  A worker ant zombie (D:6)
  Robin (D:4)
  5 gnolls
  14 adders
  3 shadow imps
  2 oozes
  2 adder zombies
  3 worms
  5 dart slugs
  6 leopard geckos
  35 orcs
  8 bats
  6 giant cockroaches
  12 goblins
  7 hobgoblins
  4 jackals (D:2)
  2 quokkas
  5 frilled lizards
  2 goblin zombies
  5 hobgoblin zombies (Ossuary)
  2 jackal zombies (Ossuary)
  17 kobolds
  14 kobold zombies (Ossuary)
  4 orc zombies (Ossuary)
  A quokka skeleton (D:8)
  A quokka zombie (D:6)
  7 rats
  A rat zombie (Ossuary)
266 creatures vanquished.

Vanquished Creatures (collateral kills)
  3 elf zombies (Ossuary)
  A human zombie (Ossuary)
  6 goblins (D:3)
  A hobgoblin zombie (Ossuary)
  A kobold zombie (Ossuary)
12 creatures vanquished.

Vanquished Creatures (others)
  A plant (D:9)
1 creature vanquished.

Grand Total: 279 creatures vanquished

Notes
Turn   | Place    | Note
-------+----------+-------------------------------------------
     0 | D:1      | Wendigo the Draconian Transmuter began the quest for the Orb.
     0 | D:1      | Reached XP level 1. HP: 16/16 MP: 3/3
   368 | D:1      | Reached XP level 2. HP: 23/23 MP: 5/5
  1030 | D:1      | Reached XP level 3. HP: 28/28 MP: 6/6
  1449 | D:2      | Noticed Jessica
  1461 | D:2      | Killed Jessica
  1461 | D:2      | Reached skill level 4 in Unarmed Combat
  1461 | D:2      | Reached XP level 4. HP: 26/35 MP: 5/7
  1717 | D:2      | Learned a level 2 spell: Sticks to Snakes
  1721 | D:2      | Learned a level 3 spell: Spider Form
  1932 | D:2      | Reached skill level 1 in Poison Magic
  2136 | D:2      | Noticed a human
  2137 | D:2      | Found a runed door.
  2155 | D:2      | Reached XP level 5. HP: 17/40 MP: 8/8
  2159 | D:2      | Found a basalt altar of Yredelemnul.
  2211 | D:2      | Killed a human
  2211 | D:2      | Reached skill level 5 in Transmutations
  2211 | D:2      | Reached XP level 6. HP: 40/47 MP: 6/9
  2417 | D:3      | Found a shattered altar of Ashenzari.
  2850 | D:3      | Your scales start taking on a glossy black colour.
  2850 | D:3      | Reached XP level 7. HP: 52/52 MP: 7/10
  2850 | D:3      | Gained mutation: You are resistant to electric shocks. (rElec) [Black Draconian growth]
  3388 | D:4      | Found a blossoming altar of Fedhas.
  3388 | D:4      | Noticed Robin
  3404 | D:4      | Noticed Grinder
  3502 | D:4      | Paralysed by Grinder for 7 turns
  3585 | D:3      | Killed Grinder
  3585 | D:3      | Reached skill level 5 in Unarmed Combat
  3641 | D:4      | Killed Robin
  3786 | D:4      | Found a sand-covered staircase.
  3792 | Ossuary  | Entered an ossuary
  3980 | Ossuary  | Reached XP level 8. HP: 20/59 MP: 11/11
  3988 | Ossuary  | Learned a level 5 spell: Blade Hands
  4069 | Ossuary  | Reached skill level 6 in Unarmed Combat
  4366 | D:4      | Found a basalt altar of Yredelemnul.
  4371 | D:4      | Found a glowing golden altar of the Shining One.
  4373 | D:4      | Noticed an angel
  4453 | D:4      | Noticed Paps's ghost (amateur GrFi)
  4461 | D:4      | Killed Paps's ghost
  4727 | D:5      | Entered Level 5 of the Dungeon
  4975 | D:5      | Reached skill level 7 in Unarmed Combat
  5022 | D:5      | Found Dekyenu's Distillery.
  5025 | D:5      | Bought 2 potions of heal wounds for 140 gold pieces
  5631 | D:6      | Reached XP level 9. HP: 41/70 MP: 12/12
  5789 | D:6      | Reached skill level 8 in Unarmed Combat
  5964 | D:6      | Noticed Sigmund
  5974 | D:6      | Killed Sigmund
  6157 | D:7      | Reached skill level 9 in Unarmed Combat
  6270 | D:7      | Found a staircase to the Ecumenical Temple.
  6309 | D:7      | Reached skill level 5 in Fighting
  6458 | D:7      | Reached skill level 10 in Unarmed Combat
  6531 | D:7      | Found a hide-covered altar of Uskayaw.
  6536 | D:7      | Found a shattered altar of Ashenzari.
  6537 | D:7      | Found a stormy altar of Qazlal.
  6547 | D:7      | Found a shimmering altar of Xom.
  6550 | D:7      | Found a sacrificial altar of Ru.
  6618 | D:7      | Noticed Joseph
  6640 | D:7      | Reached XP level 10. HP: 72/83 MP: 13/13
  6648 | D:7      | Killed Joseph
  6778 | Temple   | Entered the Ecumenical Temple
  7023 | Temple   | Became a worshipper of Makhleb the Destroyer
  7206 | D:7      | Found a glowing silver altar of Zin.
  7384 | D:8      | Found a snail-covered altar of Cheibriados.
  7853 | D:8      | Reached * piety under Makhleb
  8481 | D:8      | Reached skill level 11 in Unarmed Combat
  8846 | D:9      | Noticed Psyche
  8861 | D:9      | Killed Psyche
  9165 | D:9      | Reached skill level 1 in Invocations
  9356 | D:9      | Reached ** piety under Makhleb
  9406 | D:9      | Found a staircase to the Lair.
  9601 | D:10     | Entered Level 10 of the Dungeon
  9608 | D:10     | Noticed a gargoyle
  9617 | D:9      | Mangled by an ice beast

Vault maps used:
D:1:      eino_arrival_druids_welcome, minmay_misc_feat_square
D:2:      dk_yredelemnul_ordeal, uniq_jessica
D:3:      evilmike_ruin_ashenzari
D:4:      grunt_temple_overflow_holy_war, overflow_temple_1_default,
          first_bread, nicolae_ossuary_entry_false_entrances, uniq_grinder,
          uniq_robin
D:5:      serial_shops, kennysheep_mini_moat
D:6:      uniq_sigmund
D:7:      minmay_overflow_temple_star_hex, minmay_temple_entry_enclosed_plants,
          basic_altar, uniq_joseph
D:8:      minmay_goldmine, slow_altar_1, the_bakery
D:9:      david_lair_shrubbed, uniq_psyche
D:10:     basic_altar, serial_shops, shop, enter_bailey_2,
          nicolae_trove_entry_free_sample
Temple:   oiseaux_autumnal_temple
Ossuary:  ossuary_tomb_1

Skill      XL: |  1  2  3  4  5  6  7  8  9 10 |
---------------+-------------------------------+-----
Transmutations | 3 4 5 6 8 9 |  9.9
Unarmed Combat | 4 5 7 10 11 | 11.8
Poison Magic   | 1 |  1.0
Fighting       | 3 6 7 |  7.6
Invocations    | 1 |  1.9
Dodging        | |  1.7
Spellcasting   | |  2.0

Action                   |  1- 3 |  4- 6 |  7- 9 | 10-12 || total
-------------------------+-------+-------+-------+-------++-------
Melee: Unarmed           |   116 |   189 |   374 |   211 ||   890
       Kick              |     5 |     3 |       |       ||     8
       Punch             |     2 |       |     7 |     7 ||    16
       Tailslap          |    11 |     8 |    46 |    16 ||    81
       Headbutt          |     1 |     2 |     1 |       ||     4
Throw: Tomahawk          |       |     2 |       |       ||     2
 Cast: Beastly Appendage |     4 |     2 |     1 |       ||     7
       Spider Form       |       |    10 |     7 |     1 ||    18
       Sticks to Snakes  |       |     1 |    15 |       ||    16
       Blade Hands       |       |       |    16 |    19 ||    35
 Abil: Breathe Lightning |       |       |     8 |     2 ||    10
  Use: Potion            |       |     2 |       |       ||     2
       Scroll            |       |       |    12 |    11 ||    23
 Stab: Sleeping          |     1 |       |       |     2 ||     3
       Distracted        |       |       |       |     1 ||     1
  Eat: Chunk             |     2 |     6 |    15 |    13 ||    36
       Royal jelly       |       |       |     1 |     1 ||     2
       Meat ration       |       |       |     1 |       ||     1
       Bread ration      |       |       |       |     2 ||     2
Armor: Skin              |    27 |    41 |   100 |    73 ||   241
Dodge: Dodged            |    58 |   146 |   286 |   102 ||   592
